 Dungeon Crawl Stone Soup version 0.23.2-11-gf996548c65 (webtiles) character file.

Game seed: 4095660027506076183

8 MalarOregon the Grasshopper (level 2, -2/25 HPs)
             Began as a Ghoul Warper on June 4, 2019.
             Slain by a rat (3 damage)
             ... on level 1 of the Dungeon.
             The game lasted 00:00:32 (77 turns).

MalarOregon the Grasshopper (Ghoul Warper)            Turns: 77, Time: 00:00:33

Health: -2/25      AC:  3    Str: 14    XL:     2   Next: 8%
Magic:  3/3        EV: 11    Int:  8    God:
Gold:   0          SH:  0    Dex:  8    Spells: 4/4 levels left

rFire    . . .     SeeInvis .     - Unarmed
rCold    + . .     Gourm    .   (no shield)
rNeg     + + +     Faith    .   a - +0 leather armour
rPois    ∞         Spirit   .   (no helmet)
rElec    .         Reflect  .   (no cloak)
rCorr    .         Harm     .   (no gloves)
MR       .....                  (no boots)
Stlth    +.........             (no amulet)
HPRegen  0.00/turn              (no ring)
MPRegen  0.08/turn              (no ring)

@: rotting
A: rotting body, claws 1, carnivore, cold resistance 1, negative energy
resistance 3, inhibited regeneration, torment resistance, unbreathing
a: no special abilities


You were on level 1 of the Dungeon.
You were not hungry.

You visited 1 branch of the dungeon, and saw 1 of its levels.

Inventory:

Missiles
 d - 5 tomahawks of dispersal (quivered) {!f}
Armour
 a - a +0 leather armour (worn)
Scrolls
 c - a scroll of blinking
Comestibles
 e - a ration {!d}


   Skills:
 + Level 2.3 Fighting
 - Level 0.8 Throwing
 + Level 1.1 Armour
 + Level 1.9 Dodging
 * Level 2.5 Unarmed Combat
 - Level 1.7 Spellcasting
   Level 2.6 Translocations


You had 4 spell levels left.
You didn't know any spells.
Your spell library contained the following spells:

 Spells                   Type           Power        Failure   Level  Hunger
 Blink                    Tloc           N/A          22%         2    ###....
 Shroud of Golubria       Chrm/Tloc      #.........   36%         2    ###....
 Gell's Gravitas          Tloc           #.........   41%         3    ####...
 Lesser Beckoning         Tloc           #.........   41%         3    ####...
 Teleport Other           Tloc           #.......     41%         3    ####...
 Passage of Golubria      Tloc           N/A          83%         4    #####..


Dungeon Overview and Level Annotations

Branches:
Dungeon (1/15)

Altars:


Innate Abilities, Weirdness & Mutations

Your body is rotting away.
You thrive on raw meat.
You are immune to poison.
You have sharp fingernails.
You are carnivorous and can eat meat at any time.
Your flesh is cold resistant. (rC+)
You are immune to negative energy. (rN+++)
You do not regenerate when monsters are visible.
You are immune to unholy pain and torment.
You can survive without breathing.


Message History

The kobold throws a stone.
The stone closely misses you.
A goblin comes into view. It is wielding a +0 dagger.
The goblin shouts!
The kobold throws a stone.
The stone hits you but does no damage.
A leopard gecko and a rat come into view.
The kobold throws a stone.
The stone hits you.
You see here a stone.
The kobold misses you. The goblin closely misses you.
You miss the leopard gecko. The kobold closely misses you.
The leopard gecko bites you. The goblin closely misses you.
You barely miss the leopard gecko. The leopard gecko bites you.
The kobold hits you. The goblin hits you but does no damage.
The leopard gecko barely misses you.
You scratch the leopard gecko.
You kill the leopard gecko!
The kobold closely misses you. The goblin hits you with a +0 dagger.
* * * LOW HITPOINT WARNING * * *
You barely miss the rat. The kobold hits you.
* * * LOW HITPOINT WARNING * * *
The goblin misses you. The rat barely misses you.
You barely miss the rat. The kobold hits you but does no damage.
The goblin hits you with a +0 dagger.
* * * LOW HITPOINT WARNING * * *
The rat closely misses you.
You see here a stone.
You see here 2 stones.
Eat a chunk of flesh? (ye/n/q)
You eat the chunk of flesh.
This raw flesh tastes great!
The kobold hits you but does no damage.
You scratch the kobold. The kobold hits you.
* * * LOW HITPOINT WARNING * * *
You miss the kobold. The kobold hits you.
* * * LOW HITPOINT WARNING * * *
You closely miss the kobold. The kobold barely misses you.
Your leather armour prevents you from hitting the kobold.
The kobold barely misses you.
You barely miss the kobold. The kobold barely misses you.
You scratch the kobold but do no damage.
The kobold misses you.
You scratch the kobold.
You kill the kobold!
You have reached level 2!
You scratch the goblin. The goblin hits you with a +0 dagger.
* * * LOW HITPOINT WARNING * * *
You scratch the goblin but do no damage.
The goblin closely misses you.
You scratch the goblin.
You kill the goblin!
You barely miss the rat. The rat bites you.
You die...

... #......# ... ......#
### #.# #.....# .
...#.####.....## .. ###
#.#.#.........#... ...##
...#>............ #...
####.#......†..#...
#..###.÷.@r(..(.........
#......##.#.)...........
##......##.#.............
###..≈≈≈≈..#.#.......⌠..###
....≈≈≈≈.≈.#.#..!.......#
....≈≈><≈≈.#.######.....#
....≈≈≈≈≈≈...# ......#
##...≈≈≈≈..##... ......#
##.......... #.


You could see a rat.

Vanquished Creatures
  2 leopard geckos (D:1)
  2 goblins (D:1)
  A kobold (D:1)
5 creatures vanquished.

Notes
Turn   | Place    | Note
-------+----------+-------------------------------------------
     0 | D:1      | MalarOregon the Ghoul Warper began the quest for the Orb.
     0 | D:1      | Reached XP level 1. HP: 17/17 MP: 2/2
    48 | D:1      | Reached skill level 1 in Armour
    73 | D:1      | Reached XP level 2. HP: 3/25 MP: 3/3
    74 | D:1      | HP: 1/25 [goblin/+0 dagger (2)]
    77 | D:1      | Slain by a rat

Skill      XL: |  1 |
---------------+----+-----
Armour         | 1 |  1.1
Fighting       | |  2.3
Throwing       | |  0.8
Dodging        | |  1.9
Unarmed Combat | |  2.5
Spellcasting   | |  1.7
Translocations | |  2.6

Action                   || total
-------------------------++-------
Melee: Unarmed           ||    19
  Eat: Chunk             ||     1
Armor: Leather armour    ||     4
Dodge: Dodged            ||    17
